SAAA
ELLENBURG FIGHTING DACHSUNDS @ GRYFINDOR BRAVES
08/10/2025
 
TOP OF THE 1ST
Ellenburg Fighting Dachsunds batting - Pitching for Gryfindor Braves : LHP Jim Unknown
Pitching: LHP Jim Unknown
Batting: LHB Aquiles Marmelo 0-0: Ball
1-0: DOUBLE (Line Drive, 9LD)
Batting: RHB Bob Campbell 0-0: Swinging Strike
0-1: Swinging Strike
0-2: Strikes out looking
Batting: RHB Preston Hernández 0-0: Fly out, F8 (Flyball, 8RS)
Batting: RHB Ed Adams 0-0: SINGLE (Line Drive, 8LS)
Aquiles Marmelo to third
Runner from 3rd tries for Home, SAFE, no throw
Batting: RHB Juan Ramos 0-0: Ball
1-0: Ball
2-0: Fielders Choice at 2nd, 6-4 (Groundball, 6)
Top of the 1st over - 1 run(s), 2 hit(s), 0 error(s), 0 left on base; Ellenburg 1 - Gryfindor 0
BOTTOM OF THE 1ST
Gryfindor Braves batting - Pitching for Ellenburg Fighting Dachsunds : RHP Bill Gentry
Pitching: RHP Bill Gentry
Batting: LHB José Corona 0-0: Foul Ball, location: 2F
0-1: Ball
1-1: Ball
2-1: Ball
3-1: TRIPLE (Line Drive, 8RM)
Batting: LHB Micheal Garren 0-0: Ball
1-0: Foul Ball, location: 2F
1-1: Foul Ball, location: 2F
1-2: Foul Ball, location: 2F
1-2: Foul Ball, location: 2F
1-2: Ball
2-2: Ball
3-2: Base on Balls
Batting: SHB Fernando Sánchez 0-0: Called Strike
0-1: Called Strike
0-2: Fly out, F8 (Flyball, 89S)
Batting: LHB Rick Watson 0-0: Ball
1-0: Ball
2-0: Ball
3-0: Base on Balls
Micheal Garren to second
Batting: RHB Turner Coleman 0-0: Ball
1-0: DOUBLE (Line Drive, 78D)
José Corona scores
Micheal Garren scores
Rick Watson to third
Batting: SHB Arturo Romero 0-0: Ball
1-0: Foul Ball, location: 2F
1-1: Foul Ball, location: 2F
1-2: Foul Ball, location: 2F
1-2: Ball
2-2: Ball
3-2: SINGLE (Line Drive, 9LS)
Rick Watson scores
Turner Coleman to third
Runner from 3rd tries for Home, SAFE, throw made home
Batting: RHB Ernesto Souza 0-0: Fielders Choice at 2nd, 6-4 (Groundball, 6)
Batting: SHB Emílio Gonzáles 0-0: Ground out 3-1 (Groundball, 34S)
Bottom of the 1st over - 4 run(s), 3 hit(s), 0 error(s), 1 left on base; Ellenburg 1 - Gryfindor 4
TOP OF THE 2ND
Ellenburg Fighting Dachsunds batting - Pitching for Gryfindor Braves : LHP Jim Unknown
Batting: RHB José Vázquez 0-0: Called Strike
0-1: Fly out, F8 (Flyball, 8LD)
Batting: RHB Jack Burton 0-0: Called Strike
0-1: Hit by Pitch
Batting: RHB Meka Knight 0-0: Called Strike
0-1: Ball
1-1: Ball
2-1: Called Strike
Throwing error on steal attempt, E2
Jack Burton to third
2-2: Fly out, F7 (Flyball, 7)
Runner from 3rd tags up, SCORES, throw made
Batting: RHB Victor Haley 0-0: Called Strike
0-1: Ground out 5-3 (Groundball, 56)
Top of the 2nd over - 1 run(s), 0 hit(s), 1 error(s), 0 left on base; Ellenburg 2 - Gryfindor 4
BOTTOM OF THE 2ND
Gryfindor Braves batting - Pitching for Ellenburg Fighting Dachsunds : RHP Bill Gentry
Batting: RHB Jesús Cisneros 0-0: Ball
1-0: Called Strike
1-1: Ball
2-1: Ground out 4-3 (Groundball, 4)
Batting: LHB José Corona 0-0: Ball
1-0: Ball
2-0: Called Strike
2-1: Ball
3-1: Base on Balls
Batting: LHB Micheal Garren 0-0: Foul Ball, location: 2F
0-1: Called Strike
0-2: Grounds into double play, 6-4-3 (Groundball, 6M)
Bottom of the 2nd over - 0 run(s), 0 hit(s), 0 error(s), 0 left on base; Ellenburg 2 - Gryfindor 4
TOP OF THE 3RD
Ellenburg Fighting Dachsunds batting - Pitching for Gryfindor Braves : LHP Jim Unknown
Batting: LHB Aquiles Marmelo 0-0: Called Strike
0-1: SINGLE (Flyball, 6MD)
Batting: RHB Bob Campbell 0-0: Ball
Aquiles Marmelo is caught stealing 2nd base
1-0: Called Strike
1-1: Ground out 6-3 (Groundball, 6)
Batting: RHB Preston Hernández 0-0: Called Strike
0-1: Fly out, F6 (Popup, 6MD)
Top of the 3rd over - 0 run(s), 1 hit(s), 0 error(s), 0 left on base; Ellenburg 2 - Gryfindor 4
BOTTOM OF THE 3RD
Gryfindor Braves batting - Pitching for Ellenburg Fighting Dachsunds : RHP Bill Gentry
Batting: SHB Fernando Sánchez 0-0: SINGLE (Line Drive, 34D)
Batting: LHB Rick Watson 0-0: Swinging Strike
0-1: 2-RUN HOME RUN (Flyball, 7D), Distance : 372 ft
Batting: RHB Turner Coleman 0-0: Ball
1-0: Foul Ball, location: 2F
1-1: Foul Ball, location: 2F
1-2: Ball
2-2: Foul Ball, location: 2F
2-2: Foul Ball, location: 2F
2-2: DOUBLE (Line Drive, 78D)
Pitching: RHP Artie Chávez
Batting: SHB Arturo Romero 0-0: Ball
1-0: Ball
2-0: Foul Ball, location: 2F
2-1: Called Strike
2-2: Ball
3-2: Foul Ball, location: 2F
3-2: Ground out 1-3 (Groundball, 13S)
Turner Coleman to third
Batting: RHB Ernesto Souza 0-0: Called Strike
0-1: Ball
1-1: Foul Ball, location: 2F
1-2: Ball
2-2: Foul Ball, location: 2F
2-2: Strikes out swinging
Batting: SHB Emílio Gonzáles 0-0: Called Strike
0-1: Foul Ball, location: 2F
0-2: Ball
1-2: Ground out U3 (Groundball, 34)
Bottom of the 3rd over - 2 run(s), 3 hit(s), 0 error(s), 1 left on base; Ellenburg 2 - Gryfindor 6
TOP OF THE 4TH
Ellenburg Fighting Dachsunds batting - Pitching for Gryfindor Braves : LHP Jim Unknown
Batting: RHB Ed Adams 0-0: Called Strike
0-1: Ball
1-1: Ball
2-1: Foul Ball, location: 2F
2-2: SINGLE (Line Drive, 56D)
Batting: RHB Juan Ramos 0-0: Ball
1-0: Ground out 6-3 (Groundball, 6S)
Ed Adams to second
Batting: RHB José Vázquez 0-0: Ball
1-0: DOUBLE (Flyball, 9LM)
Ed Adams scores
Batting: RHB Jack Burton 0-0: Foul Ball, location: 2F
0-1: Swinging Strike
0-2: Strikes out looking
Batting: RHB Meka Knight 0-0: Ball
1-0: Fly out, F9 (Flyball, 9D)
Top of the 4th over - 1 run(s), 2 hit(s), 0 error(s), 1 left on base; Ellenburg 3 - Gryfindor 6
BOTTOM OF THE 4TH
Gryfindor Braves batting - Pitching for Ellenburg Fighting Dachsunds : RHP Artie Chávez
Batting: RHB Jesús Cisneros 0-0: Fly out, F7 (Flyball, 7)
Batting: LHB José Corona 0-0: Called Strike
0-1: Called Strike
0-2: Ball
1-2: Foul Ball, location: 2F
1-2: Foul Ball, location: 2F
1-2: Foul Ball, location: 2F
1-2: Ball
2-2: Ball
3-2: Strikes out swinging
Batting: LHB Micheal Garren 0-0: Called Strike
0-1: SINGLE (Groundball, 4D)
Batting: SHB Fernando Sánchez 0-0: Ground out U3 (Groundball, 3)
Bottom of the 4th over - 0 run(s), 1 hit(s), 0 error(s), 1 left on base; Ellenburg 3 - Gryfindor 6
TOP OF THE 5TH
Ellenburg Fighting Dachsunds batting - Pitching for Gryfindor Braves : LHP Jim Unknown
Batting: RHB Victor Haley 0-0: Ball
1-0: Called Strike
1-1: Ground out 1-3 (Groundball, 15S)
Batting: LHB Aquiles Marmelo 0-0: Ball
1-0: Called Strike
1-1: Ground out 3-1 (Groundball, 34)
Batting: RHB Bob Campbell 0-0: Called Strike
0-1: Swinging Strike
0-2: Ball
1-2: Foul Ball, location: 2F
1-2: Ball
2-2: Foul Ball, location: 2F
2-2: Ball
3-2: SINGLE (Line Drive, 9S)
Batting: RHB Preston Hernández 0-0: Swinging Strike
0-1: Swinging Strike
0-2: Fly out, F4 (Line Drive, 4M)
Top of the 5th over - 0 run(s), 1 hit(s), 0 error(s), 1 left on base; Ellenburg 3 - Gryfindor 6
BOTTOM OF THE 5TH
Gryfindor Braves batting - Pitching for Ellenburg Fighting Dachsunds : RHP Artie Chávez
Batting: LHB Rick Watson 0-0: Ball
1-0: Ball
2-0: Ball
3-0: Called Strike
3-1: Base on Balls
Batting: RHB Turner Coleman 0-0: Called Strike
0-1: Called Strike
0-2: Foul Ball, location: 2F
0-2: Ball
1-2: Strikes out swinging
Pitching: LHP José Tovar
Batting: SHB Arturo Romero 0-0: Foul Ball, location: 2F
0-1: SINGLE (Groundball, 56D)
Rick Watson to second
Batting: RHB Ernesto Souza 0-0: Ground out 5-3 (Groundball, 5S)
Rick Watson to third
Arturo Romero to second
Batting: SHB Emílio Gonzáles 0-0: Intentional Walk
Batting: RHB Jesús Cisneros 0-0: Ball
1-0: Ball
2-0: Foul Ball, location: 2F
2-1: Called Strike
2-2: Ball
3-2: Fly out, F8 (Flyball, 8RM)
Bottom of the 5th over - 0 run(s), 1 hit(s), 0 error(s), 3 left on base; Ellenburg 3 - Gryfindor 6
TOP OF THE 6TH
Ellenburg Fighting Dachsunds batting - Pitching for Gryfindor Braves : LHP Jim Unknown
Batting: RHB Ed Adams 0-0: Called Strike
0-1: Ball
1-1: Foul Ball, location: 2F
1-2: Foul Ball, location: 2F
1-2: Fly out, F8 (Line Drive, 78D)
Batting: RHB Juan Ramos 0-0: Called Strike
0-1: Called Strike
0-2: Strikes out swinging
Batting: RHB José Vázquez 0-0: Called Strike
0-1: Called Strike
0-2: Ball
1-2: Ball
2-2: Strikes out swinging
Top of the 6th over - 0 run(s), 0 hit(s), 0 error(s), 0 left on base; Ellenburg 3 - Gryfindor 6
BOTTOM OF THE 6TH
Gryfindor Braves batting - Pitching for Ellenburg Fighting Dachsunds : LHP José Tovar
Batting: LHB José Corona 0-0: Ball
1-0: Swinging Strike
1-1: Ball
2-1: Ground out 3-1 (Groundball, 34)
Batting: LHB Micheal Garren 0-0: Foul Ball, location: 2F
0-1: SINGLE (Line Drive, 4)
Batting: SHB Fernando Sánchez 0-0: Grounds into double play, 1-6-3 (Groundball, 13S)
Bottom of the 6th over - 0 run(s), 1 hit(s), 0 error(s), 0 left on base; Ellenburg 3 - Gryfindor 6
TOP OF THE 7TH
Ellenburg Fighting Dachsunds batting - Pitching for Gryfindor Braves : LHP Jim Unknown
Batting: RHB Jack Burton 0-0: Ball
1-0: Called Strike
1-1: Ball
2-1: Foul Ball, location: 2F
2-2: Ball
3-2: SINGLE (Line Drive, 34)
Batting: RHB Meka Knight 0-0: Fly out, F8 (Flyball, 8RXD)
Runner from 1st tags up, OUT at 2nd
Batting: RHB Victor Haley 0-0: Ball
1-0: Foul Ball, location: 2F
1-1: Ball
2-1: Ball
3-1: Swinging Strike
3-2: Foul Ball, location: 2F
3-2: Strikes out swinging
Top of the 7th over - 0 run(s), 1 hit(s), 0 error(s), 0 left on base; Ellenburg 3 - Gryfindor 6
BOTTOM OF THE 7TH
Gryfindor Braves batting - Pitching for Ellenburg Fighting Dachsunds : LHP José Tovar
Batting: LHB Rick Watson 0-0: Ball
1-0: Ball
2-0: Foul Ball, location: 2F
2-1: Ball
3-1: SINGLE (Line Drive, 4D)
Batting: RHB Turner Coleman 0-0: Called Strike
0-1: Ball
1-1: Swinging Strike
1-2: SINGLE (Flyball, 78M)
Rick Watson to second
Batting: SHB Arturo Romero 0-0: Called Strike
0-1: Ball
1-1: Ball
2-1: Bunt missed!
2-2: Ball
3-2: Grounds into double play, 6-4-3 (Groundball, 6)
Rick Watson to third
Batting: RHB Ernesto Souza 0-0: SINGLE (Flyball, 7LS)
Rick Watson scores
Batting: SHB Emílio Gonzáles 0-0: SINGLE (Groundball, 34D)
Ernesto Souza to second
Runner from 2nd tries for 3rd, SAFE, throw made to third
Batting: RHB Jesús Cisneros 0-0: Fly out, F2 (Popup, 15S)
Bottom of the 7th over - 1 run(s), 4 hit(s), 0 error(s), 2 left on base; Ellenburg 3 - Gryfindor 7
TOP OF THE 8TH
Ellenburg Fighting Dachsunds batting - Pitching for Gryfindor Braves : LHP Jim Unknown
Batting: LHB Aquiles Marmelo 0-0: Called Strike
0-1: Ball
1-1: Called Strike
1-2: Ball
2-2: Ball
3-2: SINGLE (Line Drive, 34)
Batting: RHB Bob Campbell 0-0: Ball
1-0: Called Strike
1-1: Foul Ball, location: 2F
1-2: Ball
2-2: Foul Ball, location: 2F
2-2: Foul Ball, location: 2F
2-2: Ball
3-2: Grounds into double play, 6-4-3 (Groundball, 6)
Batting: RHB Preston Hernández 0-0: Foul Ball, location: 2F
0-1: Ball
1-1: Swinging Strike
1-2: Ball
2-2: Strikes out swinging
Top of the 8th over - 0 run(s), 1 hit(s), 0 error(s), 0 left on base; Ellenburg 3 - Gryfindor 7
BOTTOM OF THE 8TH
Gryfindor Braves batting - Pitching for Ellenburg Fighting Dachsunds : LHP José Tovar
Batting: LHB José Corona 0-0: Called Strike
0-1: Swinging Strike
0-2: Foul Ball, location: 2F
0-2: Ball
1-2: Ball
2-2: Ball
3-2: Foul Ball, location: 2F
3-2: Strikes out swinging
Batting: LHB Micheal Garren 0-0: Called Strike
0-1: Ball
1-1: Ball
2-1: Swinging Strike
2-2: Foul Ball, location: 2F
2-2: Ball
3-2: Base on Balls
Pitching: RHP Chance Wiley
Batting: SHB Fernando Sánchez 0-0: Ball
1-0: Ball
2-0: Fly out, F8 (Flyball, 8RXD)
Batting: LHB Rick Watson 0-0: Foul Ball, location: 2F
0-1: Ground out 4-3 (Groundball, 4MS)
Bottom of the 8th over - 0 run(s), 0 hit(s), 0 error(s), 1 left on base; Ellenburg 3 - Gryfindor 7
TOP OF THE 9TH
Ellenburg Fighting Dachsunds batting - Pitching for Gryfindor Braves : LHP Jim Unknown
Pitching: RHP Jim Unknown
Batting: RHB Ed Adams 0-0: Ball
1-0: Called Strike
1-1: Foul Ball, location: 2F
1-2: Ball
2-2: Foul Ball, location: 2F
2-2: Fly out, F3 (Popup, 3D)
Batting: RHB Juan Ramos 0-0: SINGLE (Line Drive, 78S)
Batting: RHB José Vázquez 0-0: Ball
1-0: Ball
2-0: Ball
3-0: Called Strike
3-1: Foul Ball, location: 2F
3-2: Base on Balls
Juan Ramos to second
Batting: RHB Jack Burton 0-0: SINGLE (Groundball, 56D)
Juan Ramos to third
José Vázquez to second
Throwing error, E7
Juan Ramos scores
José Vázquez to third
Jack Burton to second
Batting: RHB Meka Knight 0-0: Ball
1-0: Ball
2-0: Ball
3-0: Base on Balls
Batting: RHB Victor Haley 0-0: Ground out 4-3 (Groundball, 4S)
José Vázquez scores
Jack Burton to third
Meka Knight to second
Batting: LHB Aquiles Marmelo 0-0: Ball
1-0: Foul Ball, location: 2F
1-1: Foul Ball, location: 2F
1-2: Ball
2-2: Ball
3-2: Base on Balls
Batting: RHB Bob Campbell 0-0: Called Strike
0-1: Ball
1-1: Foul Ball, location: 2F
1-2: Strikes out swinging
Top of the 9th over - 2 run(s), 2 hit(s), 1 error(s), 3 left on base; Ellenburg 5 - Gryfindor 7
Friday, December 30th, 2016 - OOTP Baseball 17.12 Build 75